AoeStats
← Elpinchecharly

Arabia

509273690Analyzed
1v1 RM · 5d ago on Sep 26, 2026· 34m 29s· 2 players
Game mode
Random Map
Map size
Tiny (2 player)
Population
200
Speed
Normal
Resources
Standard
Victory
Conquest
Starting age
Dark Age
Ending age
Imperial Age
RankedLock teamsTeams togetherTeam positionsShared explorationLock speedFull tech treeHidden civsTurbo modeCheats
Victory
Defeat
🇲🇽 Malians · Mexico
1190
+17
🇨🇱 Aztecs · Chile
1217
-17
Elpinchecharly
8:18 Loom
10:37 Feudal Age
11:06 Double-Bit Axe
11:07 Town Watch
14:15 Forging
14:25 Bloodlines
15:30 Forging
21:32 Castle Age
20:49 Stone Mining
20:41 Horse Collar
21:44 Light Cavalry
22:31 Scale Barding Armor
24:16 Fletching
24:54 Heavy Plow
25:33 Wheelbarrow
32:06 Imperial Age
30:06 Squires
31:34 Bow Saw
fcostaz
2:54 Loom
11:00 Feudal Age
11:28 Double-Bit Axe
13:02 Horse Collar
17:52 Castle Age
17:54 Fletching
18:12 Fletching
20:00 Wheelbarrow
22:45 Bow Saw
22:55 Town Watch
23:49 Heavy Plow
25:03 Forging
26:12 Hand Cart
29:04 Ballistics
29:54 Sanctity
29:54 Squires
30:06 Elite Skirmisher
31:12 Padded Archer Armor
Connection lost

Rejoining the realm…

Still unreachable

The connection could not be restored.

Session expired

The server has moved on; the page needs a fresh start.